 Dungeon Crawl Stone Soup version 0.24-a0-57-gac335f2 (webtiles) character file.

Game seed: 1408395945877351110

86 galech the Skirmisher (level 4, -1/35 HPs)
             Began as a Demonspawn Fighter on Feb 4, 2019.
             Slain by a gnoll
             ... wielding a +0 spear
              (7 damage)
             ... on level 2 of the Dungeon.
             The game lasted 00:02:39 (1299 turns).

galech the Skirmisher (Demonspawn Fighter)          Turns: 1299, Time: 00:02:39

Health: -1/35      AC:  6    Str: 16    XL:     4   Next: 27%
Magic:  4/4        EV:  7    Int:  9    God:
Gold:   125        SH:  9    Dex: 14    Spells: 3/3 levels left

rFire    . . .     SeeInvis .   a - +0 war axe
rCold    . . .     Gourm    .   c - +0 shield
rNeg     . . .     Faith    .   b - +0 scale mail
rPois    .         Spirit   .   (helmet restricted)
rElec    .         Reflect  .   (no cloak)
rCorr    .         Harm     .   (no gloves)
MR       .....                  (no boots)
Stlth    ..........             q - amulet of the acrobat
HPRegen  0.11/turn              (no ring)
MPRegen  0.09/turn              (no ring)

@: no status effects
A: horns 1, demonic guardian 1
a: no special abilities


You were on level 2 of the Dungeon.
You were hungry.

You visited 1 branch of the dungeon, and saw 2 of its levels.

You collected 125 gold pieces.

Inventory:

Hand Weapons
 a - a +0 war axe (weapon)
Armour
 b - a +0 scale mail (worn)
 c - a +0 shield (worn)
 k - a +0 helmet
Jewellery
 q - an amulet of the acrobat (around neck)
Scrolls
 i - 3 scrolls of identify {unknown}
 j - 3 scrolls of fear {unknown}
 l - a scroll of fog {unknown}
 n - a scroll of enchant armour {unknown}
 p - a scroll of random uselessness {unknown}
Potions
 d - a potion of might
 e - a potion of heal wounds {unknown}
 g - 2 potions of mutation {unknown}
 m - a potion of agility {unknown}
 o - a potion of cancellation {unknown}
 r - a potion of lignification {unknown}
Comestibles
 f - 4 rations
 h - 6 chunks of flesh


   Skills:
 + Level 3.4 Fighting
 + Level 2.9 Axes
 + Level 3.1 Armour
 + Level 0.5 Dodging
 + Level 0.1 Stealth
 + Level 3.1 Shields


You had 3 spell levels left.
You didn't know any spells.
Your spell library was empty.

Dungeon Overview and Level Annotations

Branches:
Dungeon (2/15)

Altars:


Innate Abilities, Weirdness & Mutations

You have a pair of small horns on your head.
A weak demonic guardian rushes to your aid.


Message History

You feel sick.
You are no longer poisoned.
You block the gnoll's attack.
Your quasit closely misses the gnoll.
Your quasit claws the gnoll. x2
The gnoll hits you from afar with a +0 spear.
* * * LOW HITPOINT WARNING * * *
Your quasit closely misses the gnoll. x2; Your quasit claws the gnoll.
The gnoll dies!
The gnoll completely misses you. You block the gnoll's attack. x2
Things that are here:
a +0 halberd; a bat corpse You slash the gnoll!
You kill the gnoll!
You hit the gnoll. You block the bat's attack.
The gnoll hits you from afar with a +0 spear.
* * * LOW HITPOINT WARNING * * *
The gnoll hits you with a cursed -2 spear.
* * * LOW HITPOINT WARNING * * *
The gnoll hits you from afar with a +0 spear!
You die...

#.### #....#### ..#
....# #.#### #..# .
#.#.#####...### ..!# ..
#.......#.....##
...#...
###.#####......###.....
....# #.###..##....#
##### #.# #...#†...#
#..##...#gg..###
#......5@b.......
#####################
#..# #......# #..#
#......###
###..########........#
#...........#..#####.#
####.#.....†......# #.#
...........###....#
#.###
.####.##......###..#
#....


You could see 2 gnolls, a bat and a friendly quasit.

Vanquished Creatures
  2 adders (D:2)
  A gnoll (D:2)
  An adder skeleton (D:2)
  2 worms (D:2)
  A dart slug (D:1)
  3 leopard geckos
  2 giant cockroaches
  6 goblins
  A hobgoblin (D:1)
  4 kobolds
  6 bats
  4 frilled lizards
  9 rats
42 creatures vanquished.

Vanquished Creatures (collateral kills)
  A gnoll (D:2)
  A bat (D:2)
2 creatures vanquished.

Grand Total: 44 creatures vanquished

Notes
Turn   | Place    | Note
-------+----------+-------------------------------------------
     0 | D:1      | galech the Demonspawn Fighter began the quest for the Orb.
     0 | D:1      | Reached XP level 1. HP: 18/18 MP: 1/1
   260 | D:1      | Gained mutation: A weak demonic guardian rushes to your
                  | aid. [demonic ancestry]
   260 | D:1      | Reached XP level 2. HP: 17/24 MP: 2/2
  1074 | D:2      | Reached XP level 3. HP: 29/29 MP: 3/3
  1289 | D:2      | Gained mutation: You have a pair of small horns on your
                  | head. [demonic ancestry]
  1289 | D:2      | Reached XP level 4. HP: 18/35 MP: 4/4
  1299 | D:2      | Slain by a gnoll

Vault maps used:
D:1:      dpeg_arrival_rooms_a, grunt_decor_arrowhead, minivault_5
D:2:      minmay_recursive_quarters

Skill      XL: |  1  2  3 |
---------------+----------+-----
Axes           | 2 |  2.9
Armour         | 3 |  3.1
Shields        | 3 |  3.1
Fighting       | |  3.4
Dodging        | |  0.5
Stealth        | |  0.1

Action                   |  1- 3 |  4- 6 || total
-------------------------+-------+-------++-------
Melee: War axe           |   122 |     3 ||   125
       Headbutt          |       |     1 ||     1
  Eat: Chunk             |     1 |       ||     1
Armor: Scale mail        |    60 |     1 ||    61
Dodge: Dodged            |    39 |     5 ||    44
Block: Shield            |    66 |     6 ||    72

Table legend:
 A = Non-vault XP
 B = Vault XP
 C = Vault XP percentage of total XP
 D = Non-vault monster count
 E = Vault monster count
 F = Vault count percentage of total count
                 A         B        C        D         E       F
            +---------+---------+-------+---------+---------+-------
      Total |      99 |      25 |  20.2 |      36 |       8 |  18.2
            +---------+---------+-------+---------+---------+-------
        D:1 |      32 |       0 |   0.0 |      18 |       0 |   0.0
        D:2 |      67 |      25 |  27.2 |      18 |       8 |  30.8
            +---------+---------+-------+---------+---------+-------
